 Dungeon Crawl Stone Soup version 0.32-a0-986-ga09f62fbf4 (webtiles) character file.

Game seed: 15697311428350106885

343 TacoSundae the Basher (level 6, -2/51 HPs)
             Began as a Mountain Dwarf Fighter on Apr 21, 2024.
             Slain by Prince Ribbit (14 damage)
             ... on level 5 of the Dungeon.
             The game lasted 00:06:19 (3297 turns).

TacoSundae the Basher (Mountain Dwarf Fighter)      Turns: 3297, Time: 00:06:19

Health: -2/51      AC: 11    Str: 21    XL:     6   Next: 31%
Magic:  6/6        EV:  9    Int:  8    God:
Gold:   281        SH:  4    Dex:  9    Spells: 5/5 levels left

rFire   . . .        y - +0 eveningstar
rCold   . . .        c - +0 buckler
rNeg    . . .        i - +3 ring mail
rPois   .            v - +0 helmet
rElec   .            (no cloak)
rCorr   .            l - +0 pair of gloves
SInv    +            (no boots)
Will    +....        (no amulet) Stlth
                     k - ring of willpower
HPRegen 0.28/turn    o - ring of see invisible
MPRegen 0.10/turn

%: no passive effects
@: mighty
A: runic magic, artefact enchanting
a: no special abilities


You were on level 5 of the Dungeon.
You visited 1 branch of the dungeon, and saw 5 of its levels.

You collected 281 gold pieces.

Inventory:

Hand Weapons
 a - a +0 flail
 y - a +0 eveningstar (weapon)
Missiles
 b - 2 javelins (quivered)
Armour
 c - a +0 buckler (worn)
 i - a +3 ring mail (worn)
 l - a +0 pair of gloves (worn)
 v - a +0 helmet (worn)
Jewellery
 k - a ring of willpower (left hand)
 o - a ring of see invisible (right hand)
 p - a +6 ring of dexterity
Wands
 t - a wand of digging (6)
Scrolls
 e - 7 scrolls of teleportation {unknown}
 f - 3 scrolls of noise {unknown}
 j - 2 scrolls of revelation {unknown}
 r - a scroll of vulnerability {unknown}
 u - 5 scrolls of identify
 x - a scroll of torment {unknown}
Potions
 g - a potion of berserk rage
 h - 3 potions of curing {unknown}
 m - a potion of lignification {unknown}
 n - a potion of invisibility {unknown}
 q - 2 potions of haste {unknown}
 s - 2 potions of brilliance {unknown}
 w - a potion of magic {unknown}


   Skills:
 + Level 3.3 Fighting
 * Level 8.1 Maces & Flails
 + Level 3.3 Armour
 + Level 3.3 Shields


You had 5 spell levels left.
You didn't know any spells.
Your spell library contained the following spells:

 Spells                   Type           Power      Damage    Failure   Level
 Ensorcelled Hibernation  Hex/Ice        0%         N/A       65%         2
 Sublimation of Blood     Necr           0%         N/A       65%         2
 Fugue of the Fallen      Necr           0%         N/A       87%         3
 Sigil of Binding         Hex            0%         N/A       87%         3
 Anguish                  Hex/Necr       0%         N/A       99%         4
 Animate Armour           Summ/Erth      0%         N/A       99%         4
 Cause Fear               Hex            0%         N/A       99%         4
 Curse of Agony           Necr           0%         N/A       100%        5
 Lee's Rapid Deconstruct  Erth           0%         3d4*      100%        5
 Enfeeble                 Hex            0%         N/A       100%        7
 Magnavolt                Erth/Air       0%         3d9       100%        7
 Rimeblight               Ice/Necr       0%         2d3       (prima100%   7


Dungeon Overview and Level Annotations

Branches:
Dungeon (5/15)
 Temple: D:4-7

Altars:
Nemelex Xobeh
Zin

Shops:
D:1 !

Annotations:
D:5 Duvessa, Prince Ribbit


Innate Abilities, Weirdness & Mutations

Your spellcasting is much less encumbered by armour.
You can use scrolls of enchantment on lesser artefacts.


Message History

a - a +0 flail (weapon)
You swing at nothing.
You swing at nothing.
y - a +0 eveningstar (weapon)
Found a stone staircase leading down.
An adder comes into view.
The adder hisses angrily.
Found a scroll labelled ERPHIT DIOSM.
You swing at nothing.
You swing at nothing.
The adder bites you but does no damage.
You puncture the adder!
You kill the adder!
You swing at nothing.
Found an escape hatch in the floor.
h - 3 cyan potions (gained 1)
A centaur comes into view.
The centaur shouts!
The centaur wields a +0 orcbow.
The centaur shoots an arrow.
The arrow hits you but does no damage.
The centaur shoots an arrow.
The arrow barely misses you.
The centaur shoots an arrow.
The arrow completely misses you.
The centaur shoots an arrow.
The arrow hits you!
The centaur shoots an arrow.
The arrow hits you!
You see here a scroll labelled ERPHIT DIOSM.
The centaur shoots an arrow.
The arrow completely misses you.
Prince Ribbit comes into view.
Found a chain mail.
The centaur shoots an arrow.
You block the arrow.
The centaur shoots an arrow.
The arrow hits you!
The centaur shoots an arrow.
The arrow hits you!
* * * LOW HITPOINT WARNING * * *
You feel very mighty all of a sudden.
The centaur shoots an arrow.
The arrow hits you.
* * * LOW HITPOINT WARNING * * *
Prince Ribbit hits you but does no damage.
The centaur shoots an arrow.
The arrow closely misses you.
As you read the scroll labelled HAORASCHIUB, it crumbles to dust.
It is a scroll of identify.
g - a potion of berserk rage Prince Ribbit hits you!
You die...

.. #### ..# #+ #..
######..###..##
##.##..
..............#
.......
..............+
.......
..............#
>.....
.......cF.....#
...... ... #..@# #..
...##>..####
##+###..
...........#
#.......
.......?...#
#.......
...........#
#.......
...........#
#.......
...##.....##
###.#### ..[
#.....#########.####
..
#.............#...+.


You could see Prince Ribbit and a centaur.

Vanquished Creatures
  Dowan (D:5)
  A bombardier beetle (D:2)
  An iguana (D:5)
  Terence (D:2)
  Robin (D:3)
  10 adders
  3 dart slugs
  3 ribbon worms
  2 orcs (D:3)
  8 endoplasms
  7 giant cockroaches
  16 hobgoblins
  5 jackals
  3 kobolds
  3 quokkas
  4 ball pythons
  3 bats (D:3)
  3 frilled lizards
  15 goblins
  6 rats
96 creatures vanquished.

Notes
Turn   | Place    | Note
-------+----------+-------------------------------------------
     0 | D:1      | TacoSundae the Mountain Dwarf Fighter began the quest for
                  | the Orb.
     0 | D:1      | Reached XP level 1. HP: 19/19 MP: 1/1
    31 | D:1      | Reached skill level 3 in Maces & Flails
   131 | D:1      | Reached XP level 2. HP: 26/26 MP: 2/2
   269 | D:1      | Found Vyful's Distillery.
   402 | D:1      | Reached skill level 4 in Maces & Flails
   544 | D:1      | Reached XP level 3. HP: 27/31 MP: 3/3
  1133 | D:2      | Reached skill level 5 in Maces & Flails
  1255 | D:2      | Reached XP level 4. HP: 36/38 MP: 4/4
  1265 | D:2      | Reached skill level 6 in Maces & Flails
  1422 | D:3      | Noticed Terence
  1445 | D:2      | Killed Terence
  1446 | D:2      | Reached XP level 5. HP: 24/45 MP: 5/5
  1734 | D:3      | Noticed Robin
  1782 | D:3      | Killed Robin
  1783 | D:3      | Reached skill level 7 in Maces & Flails
  2151 | D:3      | Found a sparkling altar of Nemelex Xobeh.
  2151 | D:3      | Found a glowing silver altar of Zin.
  3056 | D:5      | Entered Level 5 of the Dungeon
  3067 | D:5      | Reached XP level 6. HP: 41/51 MP: 6/6
  3106 | D:5      | Noticed Dowan
  3107 | D:5      | Noticed Duvessa
  3160 | D:5      | Killed Dowan
  3161 | D:5      | Reached skill level 8 in Maces & Flails
  3294 | D:5      | Noticed Prince Ribbit
  3297 | D:5      | Slain by Prince Ribbit

Illustrated notes

Levels and vault maps discovered:
D:1:      spicycebolla_arrival_ecumenical, layout_loops_ring, serial_shops,
          nicolae_shop_industrial_runoff, minmay_worlds_worst_comb
D:2:      minmay_spotlight, layout_rooms, minmay_pentomino_x4
D:3:      layout_basic, nicolae_overflow_two_pavilions, serial_aquarium,
          aquarium_bridge_straight [aquarium_subvault_bridge,
          aquarium_subvault_window, aquarium_subvault_bridge,
          aquarium_subvault_wall], aquarium_window_corner, aquarium_window_fake,
          aquarium_window_1, aquarium_window_corner, aquarium_view_2b,
          uniq_robin, uniq_terence
D:4:      layout_loops_ring, chequers_serial_rivers_room_a
D:5:      layout_gridville, mainiacjoe_overflow_boulevard, uniq_duvessa,
          uniq_prince_ribbit1

Skill      XL: |  1  2  3  4  5  6 |
---------------+-------------------+-----
Maces & Flails | 3 4 5 6 7 8 |  8.1
Fighting       | |  3.3
Armour         | |  3.3
Shields        | |  3.3

Action                     |  1- 3 |  4- 6 || total
---------------------------+-------+-------++-------
  Melee: Flail             |   134 |   171 ||   305
         Eveningstar       |       |     1 ||     1
    Use: Scroll            |       |     1 ||     1
         Potion            |       |     1 ||     1
 Armour: Scale mail        |    54 |       ||    54
         Ring mail         |    50 |   136 ||   186
  Dodge: Dodged            |    65 |    63 ||   128
  Block: Buckler           |    29 |    34 ||    63

Table legend: (Time is in decaauts)
 A = Elapsed time spent in this place.
 B = Non-inter-level travel time spent in this place.
 C = Inter-level travel time spent in this place.
 D = Time resting spent in this place.
 E = Time spent auto-exploring this place.
 F = Levels seen in this place.
 G = Mean time per level.
                   A        B        C        D        E       F      G
               +--------+--------+--------+--------+--------+-----+--------+
         Total |   3346 |   3206 |    140 |     73 |   2157 |   5 |  669.2 |
       Dungeon |   3346 |   3206 |    140 |     73 |   2157 |   5 |  669.2 |
               +--------+--------+--------+--------+--------+-----+--------+

Top non-repeatable levels by time:
     D:3: 866 daAuts
     D:1: 796 daAuts
     D:2: 748 daAuts
     D:4: 720 daAuts
     D:5: 214 daAuts
